 Dungeon Crawl Stone Soup version 0.31-a0-988-g08d55dae12 (webtiles) character file.

Game seed: 12160043794798332084

46 Pixllover the Grasshopper (level 3, -1/31 HPs)
             Began as an Armataur Warper on Nov 4, 2023.
             Slain by a gnoll
             ... wielding a +0 club
              (3 damage)
             ... on level 3 of the Dungeon.
             The game lasted 00:02:20 (1457 turns).

Pixllover the Grasshopper (Armataur Warper)         Turns: 1457, Time: 00:02:21

Health: -1/31      AC:  4    Str: 18    XL:     3   Next: 44%
Magic:  5/5        EV:  9    Int: 13    God:
Gold:   111        SH:  0    Dex:  9    Spells: 5/5 levels left

rFire   . . .        a - +0 mace
rCold   . . .        (no shield)
rNeg    . . .        b - +0 leather armour
rPois   .            (no helmet)
rElec   .            (no cloak)
rCorr   .            (no gloves)
SInv    .            (no barding)
Will    .....        (no amulet)
Stlth   +            (no ring)
HPRegen 0.25/turn    (no ring)
MPRegen 0.09/turn

%: roll
@: no status effects
A: large, rugged brown scales 3, deformed body, armoured tail, roll, long
tongue, awkward tongue
a: no special abilities


You were on level 3 of the Dungeon.
You visited 1 branch of the dungeon, and saw 3 of its levels.

You collected 111 gold pieces.

Inventory:

Hand Weapons
 a - a +0 mace (weapon)
Missiles
 d - 7 darts of dispersal (quivered)
Armour
 b - a +0 leather armour (worn)
Jewellery
 f - an amulet of magic regeneration
Scrolls
 c - 2 scrolls of blinking
 e - 2 scrolls of identify {unknown}
 g - a scroll of brand weapon {unknown}
 i - a scroll of enchant armour {unknown}
Potions
 h - a potion of enlightenment {unknown}
 j - 2 potions of heal wounds {unknown}


   Skills:
 + Level 2.1 Fighting
 + Level 2.5 Maces & Flails
 + Level 0.8 Throwing
 + Level 1.5 Armour
 + Level 1.6 Dodging
 + Level 1.8 Spellcasting
 + Level 3.4 Translocations


You had 5 spell levels left.
You didn't know any spells.
Your spell library contained the following spells:

 Spells                   Type           Power      Damage    Failure   Level
 Apportation              Tloc           20%        N/A       8%          1
 Blink                    Tloc           20%        N/A       12%         2
 Lesser Beckoning         Tloc           20%        N/A       12%         2
 Teleport Other           Tloc           10%        N/A       22%         3
 Slow                     Hex            4%         N/A       30%         1
 Jinxbite                 Hex            2%         N/A       43%         2
 Manifold Assault         Tloc           10%        N/A       58%         4
 Confusing Touch          Hex            1%         N/A       67%         3
 Sigil of Binding         Hex            1%         N/A       67%         3
 Vampiric Draining        Necr           1%         2d6       67%         3
 Vhi's Electric Charge    Tloc/Air       10%        N/A       83%         4
 Alistair's Intoxication  Tmut/Pois      0%         N/A       100%        5


Dungeon Overview and Level Annotations

Branches:
Dungeon (3/15)

Altars:


Innate Abilities, Weirdness & Mutations

You are completely covered in rugged brown scales. (AC +3, +7% HP)
Armour fits poorly on your strangely shaped body.
You have a long armoured tail.
You roll when moving toward enemies. (Rampage)
Your long tongue fully drains potion bottles. (2x potion effects)
Your tongue gives you trouble enunciating. (1.5x scroll delay)


Message History

You hit the bat.
The bat is severely wounded.
The bat closely misses you. x2
You hit the bat but do no damage.
Your tail-slap misses the bat.
The bat is severely wounded.
The bat hits you but does no damage. x2
The bat closely misses you.
You hit the bat.
You kill the bat!
You see here a bat corpse.
A gnoll comes into view. It is wielding a +0 spear.
The gnoll shouts!
The gnoll throws a throwing net.
The throwing net hits you.
You become entangled in the net!
You see here a throwing net.
You struggle against the net.
You tear a large gash into the net.
A gnoll comes into view. It is wielding a +0 club.
You rip the net and break free!
The gnoll shouts!
A gnoll comes into view. It is wielding a +0 spear.
The gnoll barely misses you. The gnoll attacks as it pursues you!
The gnoll hits you but does no damage. The gnoll attacks as it pursues you!
The gnoll hits you from afar with a +0 spear.
You roll towards the gnoll!
You completely miss the gnoll. The gnoll barely misses you.
You closely miss the gnoll. The gnoll hits you with a +0 spear.
The gnoll hits you from afar with a +0 spear.
The gnoll hits you with a +0 spear.
You barely miss the gnoll. The gnoll barely misses you.
The gnoll hits you from afar with a +0 spear!
* * * LOW HITPOINT WARNING * * *
The gnoll barely misses you. The gnoll closely misses you.
You sock the gnoll!
The gnoll is heavily wounded.
The gnoll closely misses you. The gnoll hits you with a +0 spear.
* * * LOW HITPOINT WARNING * * *
The gnoll hits you with a +0 club.
You die...

# ..# #.#. ...
#.#.#. #.#
..... ..# #...
#.# #...##.#
#...g..######..
#....g@........
#....g....#.#..
#.........#
#....†.####
#..(...#
#.....<#
#......#
#......#
#......#


You could see 3 gnolls.

Vanquished Creatures
  An adder (D:2)
  A worm (D:2)
  2 dart slugs
  3 endoplasms
  2 giant cockroaches (D:1)
  4 goblins
  A hobgoblin (D:1)
  A kobold (D:1)
  A quokka (D:1)
  4 ball pythons
  5 bats
  A frilled lizard (D:1)
  3 rats (D:1)
29 creatures vanquished.

Notes
Turn   | Place    | Note
-------+----------+-------------------------------------------
     0 | D:1      | Pixllover the Armataur Warper began the quest for the Orb.
     0 | D:1      | Reached XP level 1. HP: 18/18 MP: 3/3
   180 | D:1      | Reached XP level 2. HP: 21/25 MP: 4/4
   963 | D:2      | Reached XP level 3. HP: 17/31 MP: 5/5
  1457 | D:3      | Slain by a gnoll

Illustrated notes

Levels and vault maps discovered:
D:1:      dpeg_arrival_houses_and_road, layout_basic
D:2:      layout_basic
D:3:      layout_basic, uniq_sigmund, uniq_terence

Skill      XL: |  1  2 |
---------------+-------+-----
Maces & Flails | 2 |  2.5
Fighting       | 2 |  2.1
Throwing       | |  0.8
Armour         | |  1.5
Dodging        | |  1.6
Spellcasting   | |  1.8
Translocations | |  3.4

Action                     || total
---------------------------++-------
  Melee: Mace              ||    93
         Tailslap          ||    11
    Use: Potion            ||     1
 Armour: Leather armour    ||    87
  Dodge: Dodged            ||    49

Table legend: (Time is in decaauts)
 A = Elapsed time spent in this place.
 B = Non-inter-level travel time spent in this place.
 C = Inter-level travel time spent in this place.
 D = Time resting spent in this place.
 E = Time spent auto-exploring this place.
 F = Levels seen in this place.
 G = Mean time per level.
                   A        B        C        D        E       F      G
               +--------+--------+--------+--------+--------+-----+--------+
         Total |   1483 |   1431 |     52 |      0 |   1000 |   3 |  494.3 |
       Dungeon |   1483 |   1431 |     52 |      0 |   1000 |   3 |  494.3 |
               +--------+--------+--------+--------+--------+-----+--------+

Top non-repeatable levels by time:
     D:1: 785 daAuts
     D:2: 665 daAuts
     D:3: 32 daAuts
